 Dungeon Crawl Stone Soup version 0.29-a0-887-gcbe080d7e0 (webtiles) character file.

Game seed: 13776173690940433919

702 jimonade the Covert (level 7, 0/40 HPs)
             Began as a Kobold Brigand on July 21, 2022.
             Slain by an orc warrior
             ... wielding a +0 dire flail
              (12 damage)
             ... on level 5 of the Dungeon.
             The game lasted 00:11:34 (7219 turns).

jimonade the Covert (Kobold Brigand)                Turns: 7219, Time: 00:11:35

Health: 0/40       AC:  6    Str: 15    XL:     7   Next: 98%
Magic:  9/9        EV: 15    Int: 12    God:
Gold:   252        SH:  0    Dex: 18    Spells: 9/9 levels left

rFire   . . .      SeeInvis +   a - +2 dagger
rCold   . . .      Faith    .   (no shield)
rNeg    . . .      Spirit   .   f - +0 leather armour
rPois   .          Reflect  .   A - +0 helmet
rElec   .          Harm     .   F - +0 cloak
rCorr   .          Rampage  .   (no gloves)
Will    .....                   i - +0 pair of boots
Stlth   +++++.....              (no amulet)
HPRegen 0.13/turn               g - ring of see invisible
MPRegen 0.11/turn               l - +6 ring of strength

@: no status effects
A: small, no large weapons, nightstalker 3
a: no special abilities


You were on level 5 of the Dungeon.
You visited 1 branch of the dungeon, and saw 5 of its levels.

You collected 252 gold pieces.

Inventory:

Hand Weapons
 a - a +2 dagger (weapon)
 b - a +0 demon whip of draining
 h - a +0 spear
 B - a +0 sling
 E - a +2 quarterstaff of chaos
Missiles
 d - 9 poisoned darts (quivered)
 e - 3 curare-tipped darts
 w - 6 boomerangs
 I - 3 datura-tipped darts
Armour
 f - a +0 leather armour (worn)
 i - a +0 pair of boots (worn)
 k - a +0 robe
 A - a +0 helmet (worn)
 F - a +0 cloak (worn)
Magical Staves
 c - a staff of fire
Jewellery
 g - a ring of see invisible (left hand)
 l - a +6 ring of strength (right hand)
 D - a +6 ring of dexterity
Scrolls
 m - a scroll of magic mapping {unknown}
 o - 2 scrolls of teleportation {unknown}
 p - 2 scrolls of vulnerability {unknown}
 s - 3 scrolls of identify {unknown}
 t - a scroll of silence {unknown}
 u - a scroll of immolation {unknown}
 y - a scroll of enchant weapon {unknown}
 z - a scroll of noise {unknown}
 J - a scroll of poison {unknown}
Potions
 j - 2 potions of lignification {unknown}
 n - 2 potions of curing
 q - 3 potions of flight {unknown}
 r - 2 potions of heal wounds {unknown}
 v - a potion of resistance {unknown}
 x - a potion of brilliance {unknown}
 C - a potion of ambrosia {unknown}
 G - a potion of degeneration {unknown}
 H - a potion of invisibility {unknown}


   Skills:
 + Level 2.8 Fighting
 + Level 3.2 Short Blades
 + Level 2.4 Maces & Flails
 + Level 2.2 Throwing
 + Level 2.0 Armour
 + Level 2.7 Dodging
 * Level 9.4 Stealth
 * Level 1.8 Spellcasting
 * Level 1.5 Ice Magic
 - Level 0.4 Poison Magic


You had 9 spell levels left.
You didn't know any spells.
Your spell library contained the following spells:

 Spells                   Type           Power      Damage    Failure   Level
 Freeze                   Ice            16%        1d4       19%         1
 Frozen Ramparts          Ice            8%         1d2       47%         3
 Dazzling Flash           Conj/Hex       2%         N/A       71%         3
 Hailstorm                Conj/Ice       2%         3d3       94%         4
 Iskenderun's Mystic Bla  Conj/Tloc      1%         2d3       98%         4
 Fireball                 Conj/Fire      0%         3d3       100%        5
 Starburst                Conj/Fire      0%         6d3       100%        6
 Ignition                 Fire           0%         3d3       100%        8


Dungeon Overview and Level Annotations

Branches:
Dungeon (5/15)
 Temple: D:4-7

Altars:
Cheibriados
Gozag
Hepliaklqana
Uskayaw

Shops:
D:3 :


Innate Abilities, Weirdness & Mutations

You are small and have problems with some larger weapons.
You are completely attuned to the shadows.


Message History

You hit the white imp but do no damage.
The white imp is severely wounded.
The white imp hits you but does no damage.
You hit the white imp.
The white imp is almost dead.
The white imp gestures at you. The puff of frost hits you!
You hit the white imp but do no damage.
The white imp is almost dead.
The white imp barely misses you.
You whack the white imp!
You kill the white imp!
Found a war axe.
a - a +2 dagger (weapon)
You see here a +0 war axe.
An orc comes into view. It is wielding a +0 dagger.
An orc comes into view. It is wielding a +0 short sword.
An orc warrior comes into view. It is wielding a +0 dire flail.
The helpless orc fails to defend itself.
You skewer the orc like a kebab!!!
You kill the orc!
An orc and an orc wizard come into view.
The orc warrior shouts!
The orc warrior closely misses you.
Things that are here:
a +0 dagger; an orc corpse The orc wizard attacks as you move away!
The orc wizard completely misses you.
The orc warrior attacks as you move away!
The orc warrior hits you but does no damage.
The orc warrior attacks as you move away!
The orc warrior closely misses you.
The orc warrior attacks as you move away!
The orc warrior hits you with a +0 dire flail.
The orc warrior attacks as you move away!
The orc warrior hits you with a +0 dire flail!!
Ouch! That really hurt!
* * * LOW HITPOINT WARNING * * *
The orc warrior hits you with a +0 dire flail!
You die...

... .. ### ..... ..#
##.## ......
...##.o@## ###
......
....#o##.#####.#
#.....
......###.....##
#....
..###.####....#
##..# #..##.....#
#.## ##.##.....##
##.# #..#......##
##..#
###..######..###.###
.###...## ##....##


You could see an orc warrior and an orc wizard.

Vanquished Creatures
  An ogre (D:3)
  3 scorpions
  2 hounds (D:4)
  Crazy Yiuf (D:4)
  Natasha (twice) (D:2)
  Robin (D:3)
  12 gnolls
  7 adders
  A white imp (D:5)
  A worm (D:2)
  2 dart slugs (D:2)
  3 orcs
  6 ball pythons
  6 endoplasms
  2 giant cockroaches
  22 goblins
  8 hobgoblins
  6 jackals
  A quokka (D:1)
  9 bats
  6 frilled lizards
  8 kobolds
  3 rats
113 creatures vanquished.

Vanquished Creatures (others)
  6 fungi (D:2)
  5 plants (D:2)
11 creatures vanquished.

Grand Total: 124 creatures vanquished

Notes
Turn   | Place    | Note
-------+----------+-------------------------------------------
     0 | D:1      | jimonade the Kobold Brigand began the quest for the Orb.
     0 | D:1      | Reached XP level 1. HP: 12/12 MP: 1/1
   248 | D:1      | Reached XP level 2. HP: 17/17 MP: 2/2
   254 | D:1      | Reached skill level 6 in Stealth
   394 | D:1      | Reached XP level 3. HP: 5/21 MP: 3/3
  1763 | D:2      | Reached skill level 7 in Stealth
  1763 | D:2      | Reached XP level 4. HP: 24/26 MP: 4/4
  2219 | D:2      | Found a faded altar of an unknown god.
  2511 | D:2      | Noticed Natasha
  2523 | D:2      | Killed Natasha
  2524 | D:2      | Reached XP level 5. HP: 25/31 MP: 5/5
  2574 | D:2      | Found a snail-covered altar of Cheibriados.
  3083 | D:2      | Noticed Natasha
  3095 | D:2      | Killed Natasha
  3096 | D:2      | Reached skill level 1 in Maces & Flails
  3326 | D:2      | Found a faded altar of an unknown god.
  3387 | D:2      | Found a snail-covered altar of Cheibriados.
  3971 | D:3      | Reached skill level 8 in Stealth
  3974 | D:3      | Reached skill level 1 in Armour
  3974 | D:3      | Reached XP level 6. HP: 36/36 MP: 6/6
  4028 | D:3      | Found Yhialoen's Book Shop.
  4051 | D:3      | Found a hide-covered altar of Uskayaw.
  4051 | D:3      | Found a hazy altar of Hepliaklqana.
  4327 | D:3      | Noticed Robin
  4392 | D:3      | Killed Robin
  4633 | D:3      | Noticed an ogre
  4638 | D:3      | Killed an ogre
  5387 | D:3      | Reached XP level 7. HP: 18/40 MP: 7/7
  5798 | D:4      | Reached skill level 1 in Spellcasting
  6049 | D:4      | Reached skill level 1 in Ice Magic
  6094 | D:4      | Found a runed translucent door.
  6097 | D:4      | Noticed Crazy Yiuf
  6102 | D:4      | Killed Crazy Yiuf
  6103 | D:4      | Reached skill level 9 in Stealth
  6789 | D:5      | Entered Level 5 of the Dungeon
  6987 | D:5      | Found an opulent altar of Gozag.
  7219 | D:5      | Slain by an orc warrior

Illustrated notes

Levels and vault maps discovered:
D:1:      dpeg_arrival_renting, layout_basic
D:2:      layout_basic, basic_altar, shapermc_ecumenical_altar_mp_urbaneastern,
          uniq_natasha
D:3:      layout_basic, gammafunk_temple_overflow_statue, serial_shops,
          nicolae_shop_advertising_works [nicolae_subvault_shop_adworks],
          st_stairs_10, kennysheep_generic_room_3, uniq_robin
D:4:      layout_basic, uniq_crazy_yiuf_cottage
D:5:      kennysheep_six_static_rooms, layout_layer_cave,
          makhleb_altar_promises_db, elyvilon_altar_3,
          nicolae_gozag_conspicuous_consumption, okawaru_trees_1,
          grunt_ministairs_8, minmay_misc_feat_tower

Skill      XL: |  1  2  3  4  5  6  7 |
---------------+----------------------+-----
Stealth        | 6 7 8 9 |  9.4
Short Blades   | 3 |  3.2
Maces & Flails | 1 2 |  2.4
Dodging        | 2 |  2.7
Armour         | 1 2 |  2.0
Spellcasting   | 1 |  1.8
Ice Magic      | 1 |  1.5
Fighting       | |  2.8
Throwing       | |  2.2
Poison Magic   | |  0.4

Action                   |  1- 3 |  4- 6 |  7- 9 || total
-------------------------+-------+-------+-------++-------
Melee: Dagger            |    66 |    43 |    24 ||   133
       Demon whip        |    25 |    93 |    38 ||   156
       Punch             |     1 |     1 |       ||     2
 Stab: Sleeping          |    11 |    22 |     9 ||    42
       Distracted        |       |     1 |     1 ||     2
Armor: Robe              |     4 |       |       ||     4
       Leather armour    |    21 |    23 |    10 ||    54
Dodge: Dodged            |    66 |    76 |    39 ||   181

Table legend: (Time is in decaauts)
 A = Elapsed time spent in this place.
 B = Non-inter-level travel time spent in this place.
 C = Inter-level travel time spent in this place.
 D = Time resting spent in this place.
 E = Time spent auto-exploring this place.
 F = Levels seen in this place.
 G = Mean time per level.
                   A        B        C        D        E       F      G
               +--------+--------+--------+--------+--------+-----+--------+
         Total |   7188 |   6919 |    269 |    940 |   4966 |   5 | 1437.6 |
       Dungeon |   7188 |   6919 |    269 |    940 |   4966 |   5 | 1437.6 |
               +--------+--------+--------+--------+--------+-----+--------+

Top non-repeatable levels by time:
     D:2: 2497 daAuts
     D:1: 1435 daAuts
     D:3: 1420 daAuts
     D:4: 1409 daAuts
     D:5: 425 daAuts
